 Dungeon Crawl Stone Soup version 0.28.0-49-g6dfe1f597d (webtiles) character file.

Game seed: 4700714076016693498

85 Zeld the Sneak (level 4, -4/44 HPs)
             Began as a Naga Monk on May 15, 2022.
             Killed from afar by a white imp (11 damage)
             ... with a puff of frost
             ... summoned by Natasha
             ... on level 3 of the Dungeon.
             The game lasted 00:02:31 (2667 turns).

Zeld the Sneak (Naga Monk)                          Turns: 2667, Time: 00:02:32

Health: -4/44      AC:  2    Str: 16    XL:     4   Next: 48%
Magic:  4/4        EV: 10    Int: 10    God:
Gold:   6          SH:  0    Dex: 13    Spells: 3/3 levels left

rFire   . . .      SeeInvis +   a - +0 spear
rCold   . . .      Faith    .   (no shield)
rNeg    . . .      Spirit   .   b - +0 robe
rPois   +          Reflect  .   (no helmet)
rElec   .          Harm     .   (no cloak)
rCorr   .          Rampage  .   (no gloves)
Will    .....                   (no barding)
Stlth   +++.......              (no amulet)
HPRegen 0.14/turn               (no ring)
MPRegen 0.09/turn               (no ring)

@: short of breath, very slow
A: AC +1, large, see invisible, deformed body, poison resistance, slowness 2,
spit poison 1, naga tail 1
a: Spit Poison


You were on level 3 of the Dungeon.
You visited 1 branch of the dungeon, and saw 3 of its levels.

You collected 57 gold pieces.
You spent 51 gold pieces at shops.

Inventory:

Hand Weapons
 a - a +0 spear (weapon)
Armour
 b - a +0 robe (worn)
Scrolls
 e - 3 scrolls of identify {unknown}
 f - a scroll of vulnerability {unknown}
 g - a scroll of brand weapon {unknown}
 h - a scroll of amnesia {unknown}
 j - a scroll of teleportation {unknown}
 k - a scroll of noise {unknown}
 l - a scroll of immolation {unknown}
 m - 2 scrolls of magic mapping {unknown}
Potions
 c - a potion of flight {unknown}
 d - 2 potions of lignification {unknown}
 i - a potion of degeneration {unknown}
 n - a potion of curing {unknown}


   Skills:
 * Level 3.6 Fighting
 * Level 3.4 Polearms
 + Level 0.6 Armour
 * Level 2.8 Dodging
 * Level 4.4 Stealth


You had 3 spell levels left.
You didn't know any spells.
Your spell library was empty.

Dungeon Overview and Level Annotations

Branches:
Dungeon (3/15)

Altars:

Shops:
D:3 (*[[=

Annotations:
D:3 Natasha


Innate Abilities, Weirdness & Mutations

Your serpentine skin is tough. (AC +1)
You have supernaturally acute eyesight. (SInv)
Armour fits poorly on your strangely shaped body.
Your system is resistant to poisons. (rPois)
You cover ground very slowly.
You can spit poison.
You have a snake-like lower body.


Message History

Natasha hisses angrily.
You hit Natasha but do no damage. Natasha casts a spell at you.
The magic dart hits you!
You reach to attack!
You hit Natasha but do no damage.
Natasha mumbles some strange words.
You reach to attack!
You hit Natasha.
Natasha is heavily wounded.
You closely miss Natasha.
Natasha is heavily wounded.
You have got your breath back.
Natasha claws you.
You hit Natasha but do no damage.
Natasha is heavily wounded.
Natasha casts a spell at you. You resist with some effort.
You hit Natasha.
Natasha is heavily wounded.
Natasha claws you.
You hit Natasha.
Natasha is severely wounded.
The white imp gestures at you. The puff of frost hits you!
Natasha completely misses you.
You hit Natasha.
Natasha is almost dead.
The white imp hits you. The white imp freezes you. Natasha claws you.
You are too injured to fight recklessly!
Aiming: Spit Poison (1% risk of failure)
Press: ? - help, Shift-Dir - straight line, f/p - Natasha
Aim: Natasha (almost dead, 50% to hit)
The splash of poison misses Natasha.
The white imp hits you. The white imp freezes you.
* * * LOW HITPOINT WARNING * * *
Natasha claws you.
* * * LOW HITPOINT WARNING * * *
You hit Natasha.
Natasha is almost dead.
The white imp gestures at you. The puff of frost hits you!
You die...

#.##.###.#.# #.#
#..#.....#.# #.#
##.#.#####.# #.#
#...#####.## #.#
##..#......# #.#
##########..#.###..# #.#
#..[........#.##...# #.#
#...........#.##..###### #.#
#.........h@#.##.......# #.#
#.........5....>)#####.# #.#
#................# #.# #.#
#................#####.###.#
#....................#.....#
####.............###.#######
#.............# #.#######
#.......##.######)#......
##########.#......#.#####


You could see Natasha and a white imp (summoned).

Vanquished Creatures
  Natasha (D:3)
  An adder (D:2)
  3 dart slugs
  2 orcs
  5 ball pythons
  4 endoplasms
  3 giant cockroaches
  4 hobgoblins
  3 kobolds
  5 bats (D:1)
  7 frilled lizards
  4 goblins
  2 rats
44 creatures vanquished.

Notes
Turn   | Place    | Note
-------+----------+-------------------------------------------
     0 | D:1      | Zeld the Naga Monk began the quest for the Orb.
     0 | D:1      | Reached XP level 1. HP: 21/21 MP: 1/1
   177 | D:1      | Reached XP level 2. HP: 23/28 MP: 2/2
   676 | D:1      | Reached XP level 3. HP: 32/34 MP: 3/3
  1110 | D:1      | Found a faded altar of an unknown god.
  1633 | D:2      | Reached skill level 4 in Stealth
  1961 | D:3      | Reached XP level 4. HP: 42/42 MP: 4/4
  2017 | D:3      | Found Binel's Jewellery Shop.
  2103 | D:3      | Found Mugep's Armour Emporium.
  2118 | D:3      | Found Heshixzuyle's Assorted Antiques.
  2124 | D:3      | Found Zypt's Armour Emporium.
  2146 | D:3      | Noticed Natasha
  2159 | D:3      | Killed Natasha
  2435 | D:3      | Found Woum's Weapon Emporium.
  2498 | D:3      | Bought a scroll labelled FODID ERHATT for 27 gold pieces
  2498 | D:3      | Bought a yellow potion for 24 gold pieces
  2563 | D:3      | Noticed Natasha
  2667 | D:3      | Killed from afar by a white imp

Illustrated notes

Levels and vault maps discovered:
D:1:      psy_arrival_radial01, layout_loops_ring,
          shapermc_ecumenical_altar_petra
D:2:      layout_rooms, minmay_close_crescents
D:3:      layout_basic, serial_shops, nicolae_shop_statue_plus, shop,
          nicolae_shop_crystal, nicolae_shop_stone, nicolae_shop_waterfront,
          uniq_natasha

Skill      XL: |  1  2  3 |
---------------+----------+-----
Stealth        | 4 |  4.4
Fighting       | |  3.6
Polearms       | |  3.4
Armour         | |  0.6
Dodging        | |  2.8

Action                   |  1- 3 |  4- 6 || total
-------------------------+-------+-------++-------
Melee: Spear             |   132 |    27 ||   159
       Punch             |     2 |       ||     2
 Abil: Spit Poison       |     1 |     4 ||     5
 Stab: Sleeping          |    11 |     1 ||    12
Armor: Robe              |    18 |     1 ||    19
Dodge: Dodged            |    58 |     9 ||    67
